 Dungeon Crawl Stone Soup version 0.29-a0-1039-gfc20370e89 (webtiles) character file.

Game seed: 9328541157490535629

188 Plasmagod the Chopper (level 5, -3/67 HPs)
             Began as a Minotaur Berserker on Aug 15, 2022.
             Was a Believer of Trog.
             Slain by a gnoll
             ... wielding a +0 halberd
              (10 damage)
             ... on level 4 of the Dungeon.
             The game lasted 00:03:32 (2684 turns).

Plasmagod the Chopper (Minotaur Berserker)          Turns: 2684, Time: 00:03:33

Health: -3/67      AC:  4    Str: 24    XL:     5   Next: 39%
Magic:  4/4        EV: 10    Int:  4    God:    Trog [**....]
Gold:   161        SH:  0    Dex:  9    Spells: 4/4 levels left

rFire   . . .      SeeInvis .   a - +0 hand axe
rCold   . . .      Faith    .   (no shield)
rNeg    . . .      Spirit   .   j - +2 scale mail {rPois}
rPois   +          Reflect  .   (helmet restricted)
rElec   .          Harm     .   (no cloak)
rCorr   .          Rampage  .   (no gloves)
Will    .....                   (no boots)
Stlth   ..........              (no amulet)
HPRegen 0.21/turn               (no ring)
MPRegen 0.09/turn               (no ring)

@: berserking (expiring), corroded, very quick
A: horns 2, retaliatory headbutt
a: Renounce Religion, Berserk, Trog's Hand


You were on level 4 of the Dungeon.
You worshipped Trog.
Trog was pleased with you.
You visited 1 branch of the dungeon, and saw 4 of its levels.

You collected 161 gold pieces.

Inventory:

Hand Weapons
 a - a +0 hand axe (weapon)
Missiles
 m - a throwing net (quivered)
Armour
 b - a +0 animal skin
 j - a +2 scale mail of poison resistance (worn)
Wands
 l - a wand of charming (9)
 p - a wand of flame (18)
Scrolls
 e - a scroll of summoning {unknown}
 f - 3 scrolls of identify {unknown}
 h - a scroll of immolation {unknown}
 i - a scroll of torment {unknown}
Potions
 c - a potion of attraction {unknown}
 d - 3 potions of cancellation {unknown}
 g - 2 potions of curing {unknown}
 k - a potion of invisibility {unknown}
 n - a potion of ambrosia {unknown}
 o - a potion of resistance {unknown}


   Skills:
 - Level 3.6 Fighting
 + Level 7.4 Axes
 - Level 2.4 Armour
 - Level 2.1 Dodging


You had 4 spell levels left.
You didn't know any spells.
Your spell library was empty.

Dungeon Overview and Level Annotations

Branches:
Dungeon (4/15)
 Temple: D:4-7

Altars:
Nemelex Xobeh

Shops:
D:2 [   D:3 [


Innate Abilities, Weirdness & Mutations

You have a pair of horns on your head.
You reflexively headbutt those who attack you in melee.


Message History

The gnoll shouts!
You hit the jelly.
Your hands burn!
You headbutt the jelly, but do no damage.
The jelly is severely wounded.
You hear an angry hiss.
The jelly closely misses you.
The gnoll hits you from afar with a +0 spear!
You are too injured to fight recklessly!
You are too injured to fight recklessly!
You are too injured to fight recklessly!
You are too injured to fight recklessly!
You are too injured to fight recklessly!
You are too injured to fight recklessly!
You hit the jelly.
You kill the jelly!
Trog accepts your kill.
The gnoll hits you from afar with a +0 spear.
A red film seems to cover your vision as you go berserk!
You feel yourself moving faster!
You feel mighty!
The gnoll hits you from afar with a +0 spear.
* * * LOW HITPOINT WARNING * * *
You feel a strong urge to attack something.
The gnoll hits you with a +0 halberd of venom.
* * * LOW HITPOINT WARNING * * *
The gnoll hits you with a +0 spear.
* * * LOW HITPOINT WARNING * * *
You see here a +0 dagger.
You hit the gnoll but do no damage. You slash the gnoll! You slash the gnoll!
You kill the gnoll!
Trog accepts your kill.
You barely miss the gnoll. The gnoll barely misses you.
You hit the gnoll.
The gnoll is almost dead.
You barely miss the gnoll.
The gnoll is almost dead.
The gnoll hits you with a +0 spear.
* * * LOW HITPOINT WARNING * * *
The gnoll hits you from afar with a +0 halberd!
You die...

..............
..............
.............. .
............. ..
............# ...
...........#....
#......g.......
..#......<)....#
##......g@.###...
...?.............
.................
........#........
........#........
.................
.................
.............#...
................


You could see 2 gnolls.

Vanquished Creatures
  A jelly (D:4)
  Natasha (thrice) (D:3)
  A gnoll (D:4)
  3 adders
  A dart slug (D:1)
  An endoplasm (D:1)
  2 giant cockroaches (D:2)
  6 goblins
  A hobgoblin (D:1)
  2 jackals (D:3)
  5 kobolds
  3 quokkas
  3 ball pythons
  8 bats
  3 frilled lizards
  2 rats (D:2)
45 creatures vanquished.

Notes
Turn   | Place    | Note
-------+----------+-------------------------------------------
     0 | D:1      | Plasmagod the Minotaur Berserker began the quest for the
                  | Orb.
     0 | D:1      | Reached XP level 1. HP: 19/19 MP: 0/0
     6 | D:1      | Noticed a servant of whispers
     6 | D:1      | Noticed a tyrant leech
     6 | D:1      | Noticed a basilisk
     7 | D:1      | Noticed a stone giant
     7 | D:1      | Noticed a hell rat
    42 | D:1      | Reached skill level 4 in Axes
    43 | D:1      | Reached XP level 2. HP: 11/26 MP: 1/1
   564 | D:1      | Reached skill level 5 in Axes
   746 | D:2      | Reached XP level 3. HP: 22/31 MP: 2/2
  1373 | D:2      | Found Hohoss's Armour Boutique.
  1658 | D:3      | Noticed Natasha
  1662 | D:3      | Killed Natasha
  1662 | D:3      | Reached ** piety under Trog
  1663 | D:3      | Reached skill level 6 in Axes
  1663 | D:3      | Reached XP level 4. HP: 39/39 MP: 3/3
  1723 | D:3      | Noticed Natasha
  1736 | D:3      | Killed Natasha
  1986 | D:3      | Found Bahaat's Armour Emporium.
  2122 | D:3      | Found a sparkling altar of Nemelex Xobeh.
  2139 | D:3      | Noticed Natasha
  2153 | D:3      | Killed Natasha
  2666 | D:4      | Reached XP level 5. HP: 45/45 MP: 4/4
  2672 | D:4      | Reached skill level 7 in Axes
  2684 | D:4      | Slain by a gnoll

Illustrated notes

Levels and vault maps discovered:
D:1:      onia_arrival_zoo_common, layout_rooms
D:2:      layout_loops_ring, serial_shops, shop
D:3:      layout_loops_cross, mainiacjoe_overflow_six_doors_small, serial_shops,
          nicolae_shop_hallway_plus, dreamdust_princess_corridor, uniq_natasha
D:4:      layout_basic, nicolae_uskayaw_en_pointe,
          nicolae_ru_the_path_less_chosen, serial_shops, nicolae_stop_n_shop_1,
          reono_crystal_passage

Skill      XL: |  1  2  3  4  5 |
---------------+----------------+-----
Axes           | 4 5 6 7 |  7.4
Fighting       | |  3.6
Armour         | |  2.4
Dodging        | |  2.1

Action                   |  1- 3 |  4- 6 || total
-------------------------+-------+-------++-------
Melee: Hand axe          |    65 |    61 ||   126
       Headbutt          |     6 |    10 ||    16
       Punch             |       |     1 ||     1
Invok: Berserk           |       |     1 ||     1
Armor: Animal skin       |    17 |       ||    17
       Scale mail        |       |    30 ||    30
Dodge: Dodged            |    54 |    31 ||    85

Table legend: (Time is in decaauts)
 A = Elapsed time spent in this place.
 B = Non-inter-level travel time spent in this place.
 C = Inter-level travel time spent in this place.
 D = Time resting spent in this place.
 E = Time spent auto-exploring this place.
 F = Levels seen in this place.
 G = Mean time per level.
                   A        B        C        D        E       F      G
               +--------+--------+--------+--------+--------+-----+--------+
         Total |   2719 |   2547 |    172 |      0 |   2232 |   4 |  679.8 |
       Dungeon |   2719 |   2547 |    172 |      0 |   2232 |   4 |  679.8 |
               +--------+--------+--------+--------+--------+-----+--------+

Top non-repeatable levels by time:
     D:3: 1109 daAuts
     D:2: 873 daAuts
     D:1: 719 daAuts
     D:4: 17 daAuts
